 Dungeon Crawl Stone Soup version 0.31-a0-1529-g7bd419a0e5 (webtiles) character file.

Game seed: 5003855559257453624

225 mopl the Ruffian (level 6, -5/45 HPs)
             Began as a Djinni Shapeshifter on Dec 31, 2023.
             Slain by an iguana (7 damage)
             ... on level 4 of the Dungeon.
             The game lasted 00:04:12 (2380 turns).

mopl the Ruffian (Djinni Shapeshifter)              Turns: 2380, Time: 00:04:13

Health: -5/45      AC:  2    Str: 15    XL:     6   Next: 21%
Gold:   46         EV: 12    Int: 12    God:
                   SH:  0    Dex: 12

rFire   + + .        b - +1 hand cannon (freeze)
rCold   x . .        (no shield)
rNeg    . . .        a - +0 animal skin
rPois   ∞            (helmet currently unavailable)
rElec   .            (cloak currently unavailable)
rCorr   +            (gloves currently unavailable)
SInv    .            (boots unavailable)
Will    .....        (no amulet)
Stlth   +            x - ring of resist corrosion
HPRegen 0.27/turn    (no ring)
MPRegen 0.00/turn

%: infuse magic (-6 HP)
@: beast-form, flying
A: beast (slay +2), flying, sickness immunity, fire resistance 2, cold
vulnerability 1, float, innate caster, HP casting, extra vitality 1
a: Begin Untransformation


You were on level 4 of the Dungeon.
You were a hulking beast.
You visited 1 branch of the dungeon, and saw 4 of its levels.

You collected 178 gold pieces.
You spent 132 gold pieces at shops.

Inventory:

Hand Weapons
 b - a +1 hand cannon of freezing (weapon)
Missiles
 p - 4 darts of dispersal
 w - 4 poisoned darts
Armour
 a - a +0 animal skin (worn)
 q - a scarf of resistance
 v - a +2 helmet
Jewellery
 x - a ring of resist corrosion (left hand)
Talismans
 c - a beast talisman
 d - a flux talisman
Wands
 u - a wand of charming (10)
Scrolls
 e - 3 scrolls of teleportation {unknown}
 i - 2 scrolls of poison {unknown}
 k - a scroll of silence {unknown}
 m - 5 scrolls of identify
 o - a scroll of torment {unknown}
 r - a scroll of enchant armour {unknown}
 s - a scroll of blinking {unknown}
Potions
 f - 8 potions of heal wounds
 g - 3 potions of enlightenment {unknown}
 h - a potion of lignification {!q}
 l - 3 potions of curing
 n - 2 potions of might {unknown}
 t - a potion of brilliance {unknown}


   Skills:
 + Level 2.5 Fighting
 - Level 2.1 Dodging
 * Level 4.6 Unarmed Combat
 * Level 4.0 Shapeshifting


You knew the following spells:

 Your Spells              Type           Power      Damage    Failure   Level
a - Sandblast             Erth           0%         2d4       32%         1
b - Ensorcelled Hibernat  Hex/Ice        0%         N/A       45%         2
Your spell library was empty.

Dungeon Overview and Level Annotations

Branches:
Dungeon (4/15)
 Temple: D:4-7

Altars:
Gozag

Shops:
D:2 [   D:3 *!!=


Innate Abilities, Weirdness & Mutations

You are a hulking beast.
Your limbs bulge with bestial killing power. (Slay +2)
You are flying.
You are immune to sickness and miasma.
You are immune to poison.
Your flesh is very heat resistant. (rF++)
You are vulnerable to cold. (rC-)
You float through the air rather than walking.
You learn spells naturally, not from books.
Your magical power is your life essence.
You have superior vitality. (+4 MHP)


Message History

Found a grey potion.
Found a stone staircase leading down.
You shoot a bolt. The bolt hits the kobold!
The bolt freezes the kobold.
You kill the kobold!
No target in view!
No target in view!
No target in view!
Found a trident.
Okay, then.
x - a ring of resist corrosion You drop a ring of poison resistance.
x - a ring of resist corrosion (left hand)
g - 3 grey potions (gained 1)
You see here a +0 short sword.
You see here a ring of poison resistance.
You see here a +0 trident.
An iguana comes into view.
You shoot a bolt. The bolt closely misses the iguana.
The iguana bites you but does no damage.
You shoot a bolt. The bolt hits the iguana.
The bolt freezes the iguana.
The iguana is lightly wounded.
The iguana bites you! x2
You shoot a bolt. The bolt hits the iguana.
The bolt freezes the iguana.
The iguana is heavily wounded.
The iguana bites you! x2
* * * LOW HITPOINT WARNING * * *
You are too injured to fight recklessly!
You are too injured to fight recklessly!
Fire: b) +1 hand cannon (freeze)
Press: ? - help, Q - select action, (/) - cycle Shift-Dir - straight line, f/p - iguana
Aim: an iguana (heavily wounded, 66% to hit)
You shoot a bolt. The bolt barely misses the iguana.
The iguana bites you!
* * * LOW HITPOINT WARNING * * *
The iguana bites you but does no damage.
Fire: b) +1 hand cannon (freeze)
Press: ? - help, Q - select action, (/) - cycle Shift-Dir - straight line, f/p - iguana
Aim: an iguana (heavily wounded, 66% to hit)
You shoot a bolt. The bolt completely misses the iguana.
The iguana bites you!
You die...

#########
#...).>.#
#.......#
#.....=.########
#........).°hl.#
#....[..######.#
####.#### .. ###
#..# #..
.....##.## ##
.....##.#
.....##.#
.....##.#######
...............


You could see an iguana.

Vanquished Creatures
  Robin (D:3)
  7 gnolls
  7 adders
  2 ribbon worms (D:2)
  A bat (D:3)
  7 endoplasms
  3 giant cockroaches
  17 goblins
  6 hobgoblins
  10 kobolds
  3 quokkas
  5 ball pythons
  3 frilled lizards (D:3)
  5 rats
77 creatures vanquished.

Notes
Turn   | Place    | Note
-------+----------+-------------------------------------------
     0 | D:1      | mopl the Djinni Shapeshifter began the quest for the Orb.
     0 | D:1      | Reached XP level 1. HP: 17/17 MP: 0/0
   144 | D:1      | Reached XP level 2. HP: 22/22 MP: 0/0
   401 | D:1      | Reached skill level 3 in Shapeshifting
   442 | D:1      | Found an opulent altar of Gozag.
   629 | D:2      | Reached XP level 3. HP: 27/27 MP: 0/0
   629 | D:2      | Learned a level 1 spell: Sandblast
   663 | D:2      | Found Ohoalome's Armour Shop.
   715 | D:2      | Reached XP level 4. HP: 21/33 MP: 0/0
  1261 | D:3      | Found Joumodghown's General Store.
  1267 | D:3      | Bought a scroll of identify for 20 gold pieces
  1267 | D:3      | Bought a potion of curing for 30 gold pieces
  1267 | D:3      | Bought a scroll of noise for 10 gold pieces
  1291 | D:3      | Found Ygonasko's Distillery.
  1297 | D:3      | Found Pamoamiu's Distillery.
  1359 | D:3      | Reached skill level 2 in Fighting
  1359 | D:3      | Reached skill level 4 in Unarmed Combat
  1389 | D:3      | Reached XP level 5. HP: 20/38 MP: 0/0
  1389 | D:3      | Learned a level 2 spell: Ensorcelled Hibernation
  1536 | D:3      | Noticed Robin
  1554 | D:3      | Killed Robin
  1627 | D:3      | Found Titt's Jewellery Emporium.
  2114 | D:3      | Bought a potion of degeneration for 12 gold pieces
  2114 | D:3      | Bought a potion of heal wounds for 60 gold pieces
  2216 | D:4      | Reached XP level 6. HP: 45/45 MP: 0/0
  2231 | D:4      | Reached skill level 4 in Shapeshifting
  2379 | D:4      | HP: 2/45 [iguana (11)]
  2380 | D:4      | Slain by an iguana

Illustrated notes

Levels and vault maps discovered:
D:1:      dpeg_arrival_lava_altar, layout_loops_ring
D:2:      layout_loops_ring, serial_shops, shop, grunt_decor_one_mirror
D:3:      wad_pebble_path, layout_basic, serial_shops,
          nicolae_shop_real_fake_doors, shop, shop, shop, hex_intersection,
          minmay_between, uniq_robin
D:4:      layout_rooms, mainiacjoe_overflow_alcove_4

Skill      XL: |  1  2  3  4  5  6 |
---------------+-------------------+-----
Shapeshifting  | 3 4 |  4.0
Fighting       | 2 |  2.5
Unarmed Combat | 4 |  4.6
Dodging        | |  2.1

Action                     |  1- 3 |  4- 6 || total
---------------------------+-------+-------++-------
  Melee: Unarmed           |     7 |     6 ||    13
         Punch             |     1 |       ||     1
   Fire: Hand cannon       |    32 |    94 ||   126
 Armour: Animal skin       |    12 |    52 ||    64
  Dodge: Dodged            |     7 |    42 ||    49

Table legend: (Time is in decaauts)
 A = Elapsed time spent in this place.
 B = Non-inter-level travel time spent in this place.
 C = Inter-level travel time spent in this place.
 D = Time resting spent in this place.
 E = Time spent auto-exploring this place.
 F = Levels seen in this place.
 G = Mean time per level.
                   A        B        C        D        E       F      G
               +--------+--------+--------+--------+--------+-----+--------+
         Total |   2488 |   2397 |     91 |    178 |   1774 |   4 |  622.0 |
       Dungeon |   2488 |   2397 |     91 |    178 |   1774 |   4 |  622.0 |
               +--------+--------+--------+--------+--------+-----+--------+

Top non-repeatable levels by time:
     D:3: 932 daAuts
     D:2: 700 daAuts
     D:1: 567 daAuts
     D:4: 287 daAuts
